 Dungeon Crawl Stone Soup version 0.28-a0-1159-g27aa881441 (webtiles) character file.

Game seed: 10489035788293993042

2221 ChaosChampion the Thaumaturge (level 9, -1/45 HPs)
             Began as a Deep Elf Conjurer on Dec 15, 2021.
             Shot with an arrow by a centaur (12 damage)
             ... on level 6 of the Dungeon.
             The game lasted 00:11:08 (8611 turns).

ChaosChampion the Thaumaturge (Deep Elf Conjurer)   Turns: 8611, Time: 00:11:09

Health: -1/45      AC:  2    Str: 10    XL:     9   Next: 13%
Magic:  12/26      EV: 12    Int: 28    God:
Gold:   214        SH:  0    Dex: 13    Spells: 17/31 levels left

rFire   . . .      SeeInvis .   (no weapon)
rCold   . . .      Faith    .   (no shield)
rNeg    . . .      Spirit   .   a - +0 robe
rPois   .          Reflect  .   (no helmet)
rElec   .          Harm     .   (no cloak)
rCorr   .          Rampage  .   (no gloves)
Will    .....                   (no boots)
Stlth   ++........              (no amulet)
HPRegen 0.15/turn               n - +6 ring of strength
MPRegen 0.20/turn               (no ring)

@: no status effects
A: no striking features
a: no special abilities


You were on level 6 of the Dungeon.
You visited 1 branch of the dungeon, and saw 6 of its levels.

You collected 214 gold pieces.

Inventory:

Missiles
 e - a throwing net
Armour
 a - a +0 robe (worn)
 g - a +0 buckler
Jewellery
 n - a +6 ring of strength (left hand)
Wands
 f - a wand of mindburst (14)
Scrolls
 c - 2 scrolls of teleportation
 i - a scroll of fog
 j - a scroll of immolation
 k - a scroll of amnesia
 l - a scroll of summoning {unknown}
 m - a scroll of identify {unknown}
 r - a scroll of fear {unknown}
Potions
 b - a potion of invisibility {unknown}
 d - 2 potions of curing
 h - 2 potions of flight {unknown}
 o - a potion of attraction {unknown}
 p - a potion of brilliance {unknown}
 q - a potion of mutation {unknown}


   Skills:
 - Level 2.4 Dodging
 - Level 2.4 Stealth
 + Level 11.9 Spellcasting
 - Level 7.0 Conjurations
 - Level 6.0 Summonings
 * Level 1.4 Necromancy
 - Level 3.0 Translocations


You had 17 spell levels left.
You knew the following spells:

 Your Spells              Type           Power      Damage    Failure   Level
a - Magic Dart            Conj           100%       1d8       1%          1
b - Searing Ray           Conj           100%       2d8       1%          2
c - Call Canine Familiar  Summ           50%        N/A       1%          3
d - Iskenderun's Mystic   Conj/Tloc      44%        2d10      4%          4
e - Animate Dead          Necr           12%        N/A       19%         4

Your spell library contained the following spells:

 Spells                   Type           Power      Damage    Failure   Level
 Animate Skeleton         Necr           48%        N/A       1%          1
 Pain                     Necr           96%        1d8       1%          1
 Summon Small Mammal      Summ           100%       N/A       1%          1
 Call Imp                 Summ           50%        N/A       1%          2
 Dazzling Flash           Conj/Hex       72%        N/A       2%          3
 Mephitic Cloud           Conj/Pois/Air  29%        N/A       3%          3
 Summon Guardian Golem    Hex/Summ       33%        N/A       3%          3
 Portal Projectile        Hex/Tloc       50%        N/A       5%          3
 Vampiric Draining        Necr           24%        2d7       5%          3
 Fulminant Prism          Conj/Hex       18%        3d11      8%          4
 Leda's Liquefaction      Hex/Erth       8%         N/A       32%         4
 Haunt                    Necr/Summ      18%        N/A       99%         7
 Infestation              Necr           12%        N/A       100%        8


Dungeon Overview and Level Annotations

Branches:
Dungeon (6/15)             Temple (0/1) D:6

Altars:
Fedhas
Ru
Wu Jian

Shops:
D:3 [


Message History

The centaur shoots an arrow.
The arrow closely misses you.
Casting: Animate Dead (quite dangerous; 19% risk of failure)
Confirm with . or Enter, or press ? or * to list all spells.
The centaur shoots an arrow.
The arrow hits your bullfrog zombie!
The centaur shoots an arrow.
The arrow hits your bullfrog zombie!
Your bullfrog zombie is destroyed!
The centaur shoots an arrow.
The arrow hits your wolf!
Your wolf bites the centaur.
The centaur shoots an arrow.
The arrow hits your wolf!
Your wolf bites the centaur but does no damage.
The centaur shoots an arrow.
The arrow barely misses your wolf. The arrow hits you.
Your wolf bites the centaur.
The centaur shoots an arrow.
The arrow barely misses your wolf. The arrow hits you!
Your wolf bites the centaur but does no damage.
Your wolf barely misses the centaur.
The centaur shoots an arrow.
The arrow barely misses you.
Your wolf bites the centaur but does no damage.
The centaur shoots an arrow.
The arrow hits you!
Casting: Call Canine Familiar (safe; 1% risk of failure)
Confirm with . or Enter, or press ? or * to list all spells.
Aiming: Searing Ray (safe; 1% risk of failure)
Press: ? - help, Shift-Dir - straight line, f/p - centaur
Aim: a centaur, wielding a +0 shortbow, wearing a +0 robe and quivering arrows (lightly wounded, ally target, 90% to hit)
The searing ray hits the centaur but does no damage.
The centaur is lightly wounded. (Press . to maintain the ray.)
Your wolf bites the centaur.
The centaur shoots an arrow.
The arrow hits you!
* * * LOW HITPOINT WARNING * * *
Your wolf bites the centaur.
Casting: Searing Ray (safe; 1% risk of failure)
Confirm with . or Enter, or press ? or * to list all spells.
Restarting spell: Searing Ray (safe; 1% risk of failure)
Press: ? - help, Shift-Dir - straight line, f/p - centaur
Aim: a centaur, wielding a +0 shortbow, wearing a +0 robe and quivering arrows (severely wounded, ally target, 90% to hit)
The searing ray hits the centaur.
The centaur is severely wounded. (Press . to maintain the ray.)
The centaur shoots an arrow.
The arrow hits you!
You die...

####.## ##....#
.... ..^...# ....
......## .....
[......# #.....
.......# ###.....
.......## ##c.....
........# ##h..#
........## ##..@#
.........####...##
.......#..##...##
.......###....##
..###### ##...#
.## #....# ##
#....# # #.....#
####### ##<...#


You could see a centaur (ally target) and a friendly wolf (summoned).

Vanquished Creatures
  2 hornets
  2 sky beasts (D:5)
  An ogre (D:3)
  2 phantoms
  Blork the orc (D:4)
  3 scorpions
  2 bullfrogs (D:6)
  A water moccasin skeleton (D:5)
  5 wights (D:6)
  A centaur zombie (D:5)
  4 orc priests
  A hound (D:4)
  A centaur skeleton (D:6)
  3 bullfrog skeletons
  3 iguanas
  Ijyb (D:5)
  Natasha (thrice) (D:2)
  An orc wizard (D:4)
  A killer bee zombie (D:6)
  5 adders
  A white imp (D:5)
  An ufetubus (D:6)
  4 dart slugs
  19 orcs
  8 endoplasms
  6 giant cockroaches
  4 goblins
  7 hobgoblins
  15 jackals
  3 quokkas
  6 ball pythons
  6 bats
  5 frilled lizards
  6 kobolds
  3 rats
137 creatures vanquished.

Vanquished Creatures (collateral kills)
  2 iguanas
  2 orc wizards
  A dart slug (D:5)
  4 orcs
9 creatures vanquished.

Grand Total: 146 creatures vanquished

Notes
Turn   | Place    | Note
-------+----------+-------------------------------------------
     0 | D:1      | ChaosChampion the Deep Elf Conjurer began the quest for the
                  | Orb.
     0 | D:1      | Reached XP level 1. HP: 10/10 MP: 6/6
   217 | D:1      | Reached XP level 2. HP: 15/15 MP: 3/8
   318 | D:1      | Learned a level 2 spell: Searing Ray
   380 | D:1      | Reached skill level 4 in Spellcasting
   615 | D:1      | Reached XP level 3. HP: 19/19 MP: 5/10
  1363 | D:1      | Found a faded altar of an unknown god.
  1760 | D:2      | Learned a level 3 spell: Call Canine Familiar
  1801 | D:2      | Reached skill level 5 in Spellcasting
  1804 | D:2      | Reached skill level 5 in Conjurations
  2025 | D:2      | Noticed Natasha
  2028 | D:2      | Killed Natasha
  2029 | D:2      | Reached XP level 4. HP: 24/24 MP: 8/13
  2078 | D:2      | Learned a level 4 spell: Iskenderun's Mystic Blast
  2244 | D:2      | Noticed Natasha
  2249 | D:2      | Killed Natasha
  2606 | D:2      | Noticed Natasha
  2610 | D:2      | Killed Natasha
  2611 | D:2      | Reached skill level 6 in Spellcasting
  2611 | D:2      | Reached XP level 5. HP: 28/28 MP: 8/15
  2886 | D:3      | Noticed an ogre
  2896 | D:3      | Killed an ogre
  2897 | D:3      | Reached skill level 7 in Spellcasting
  3526 | D:3      | Reached XP level 6. HP: 8/32 MP: 9/18
  3860 | D:3      | Found Emoutonn's Armour Shop.
  4057 | D:4      | Noticed a hornet
  4063 | D:4      | Killed a hornet
  4064 | D:4      | Reached skill level 8 in Spellcasting
  4229 | D:4      | Noticed Blork the orc
  4241 | D:4      | Killed Blork the orc
  4242 | D:4      | Reached XP level 7. HP: 25/36 MP: 12/21
  4717 | D:4      | Found an ornate altar of the Wu Jian Council.
  4746 | D:4      | Reached skill level 1 in Translocations
  4865 | D:4      | Reached skill level 1 in Summonings
  4952 | D:4      | Found a sacrificial altar of Ru.
  5395 | D:4      | Found a blossoming altar of Fedhas.
  5439 | D:4      | Reached skill level 9 in Spellcasting
  5579 | D:5      | Entered Level 5 of the Dungeon
  5766 | D:5      | Noticed Ijyb
  5772 | D:5      | Killed Ijyb
  5902 | D:5      | Reached XP level 8. HP: 41/41 MP: 15/23
  7172 | D:6      | Reached skill level 10 in Spellcasting
  7368 | D:6      | Reached skill level 5 in Summonings
  7902 | D:6      | Noticed a hornet
  7907 | D:6      | Paralysed by a hornet for 1 turns
  7910 | D:6      | Killed a hornet
  7911 | D:6      | Reached skill level 11 in Spellcasting
  7911 | D:6      | Reached XP level 9. HP: 6/45 MP: 8/26
  7913 | D:6      | HP: 2/45 [poisoned by a hornet]
  8401 | D:6      | Learned a level 4 spell: Animate Dead
  8536 | D:6      | Found a staircase to the Ecumenical Temple.
  8598 | D:6      | Reached skill level 1 in Necromancy
  8611 | D:6      | Shot with an arrow by a centaur

Illustrated notes

Levels and vault maps discovered:
D:1:      elethiomel_arrival_infinity_welcomes_careful_drivers, layout_basic,
          hellmonk_ecumenical_altar_leap_of_faith, corexii_leaking_fountain
D:2:      layout_loops_ring, minmay_split_cup_large, uniq_natasha
D:3:      layout_loops_ring, serial_shops, nicolae_shop_crystal,
          nicolae_elevator_lobby_asterisk
D:4:      layout_basic, nicolae_ru_path_of_blood, marbit_many_paths,
          pdpol_wu_jian_five_deadly_venoms, uniq_blork_the_orc
D:5:      layout_loops_ring, nrook_campfire, solitary_fountain,
          amcnicky_mini_rare_corridor_liquid, uniq_ijyb
D:6:      layout_cave_pods, minmay_temple_entry_hall,
          chequers_serial_rivers_marsh

Skill      XL: |  1  2  3  4  5  6  7  8  9 |
---------------+----------------------------+-----
Spellcasting   | 4 5 6 7 8 9 11 | 11.9
Conjurations   | 5 6 7 |  7.0
Translocations | 2 3 |  3.0
Summonings     | 2 6 |  6.0
Necromancy     | 1 |  1.4
Dodging        | |  2.4
Stealth        | |  2.4

Action                   |  1- 3 |  4- 6 |  7- 9 || total
-------------------------+-------+-------+-------++-------
 Cast: Magic Dart        |    67 |    37 |    87 ||   191
       Searing Ray       |    13 |    20 |    47 ||    80
       Call Canine Famil |       |       |    11 ||    11
       Iskenderun's Myst |       |       |    13 ||    13
       Animate Dead      |       |       |     1 ||     1
  Use: Scroll            |       |       |    10 ||    10
Armor: Robe              |     5 |     2 |     4 ||    11
Dodge: Dodged            |     5 |     5 |    27 ||    37

Table legend: (Time is in decaauts)
 A = Elapsed time spent in this place.
 B = Non-inter-level travel time spent in this place.
 C = Inter-level travel time spent in this place.
 D = Time resting spent in this place.
 E = Time spent auto-exploring this place.
 F = Levels seen in this place.
 G = Mean time per level.
                   A        B        C        D        E       F      G
               +--------+--------+--------+--------+--------+-----+--------+
         Total |   8621 |   8321 |    300 |   1208 |   6206 |   6 | 1436.8 |
       Dungeon |   8621 |   8321 |    300 |   1208 |   6206 |   6 | 1436.8 |
               +--------+--------+--------+--------+--------+-----+--------+

Top non-repeatable levels by time:
     D:5: 2036 daAuts
     D:1: 1544 daAuts
     D:4: 1429 daAuts
     D:3: 1332 daAuts
     D:2: 1293 daAuts
     D:6: 984 daAuts
